 Dungeon Crawl Stone Soup version 0.18-a0-1649-g8d9735b (webtiles) character file.

548 namelastname112 the Chopper (level 7, 58/58 HPs)
             Began as a Purple Draconian Gladiator on Mar 29, 2016.
             Quit the game on level 4 of the Dungeon.
             The game lasted 00:04:37 (3603 turns).

namelastname112 the Chopper (DrGl)                  Turns: 3603, Time: 00:04:38

Health: 58/58      AC:  8    Str: 18    XL:     7   Next: 7%
Magic:  7/7        EV: 14    Int:  8    God:
Gold:   212        SH:  0    Dex: 13    Spells: 0 memorised, 6 levels left

rFire  + . .     SeeInvis .     a - +0 war axe
rCold  . . .     Gourm    .     (armour unavailable)
rNeg   + . .     Faith    .     (no shield)
rPois  .         Spirit   .     b - +0 hat
rElec  .         Dismiss  .     u - +0 cloak
rCorr  .         Reflect  .     m - +0 pair of gloves
SustAt .         Harm     .     (no boots)
MR     +....                    (no amulet)
Stlth  +.........               o - ring of protection from fire
                                y - ring of positive energy

@: somewhat resistant to hostile enchantments, very unstealthy
A: breathe power, unfitting armour, cold-blooded, AC +6
a: Breathe Dispelling Energy


You were on level 4 of the Dungeon.
You were not hungry.

You visited 1 branch of the dungeon, and saw 4 of its levels.
You also visited: Sewer.

You collected 212 gold pieces.

Inventory:

Hand Weapons
 a - a +0 war axe (weapon)
Missiles
 c - 2 throwing nets (quivered)
Armour
 b - a +0 hat (worn)
 m - a +0 pair of gloves (worn)
 u - a +0 cloak (worn)
Jewellery
 l - an uncursed ring of protection from magic
 o - a ring of protection from fire (right hand)
 y - a ring of positive energy (left hand)
Wands
 B - a wand of disintegration (1/24)
Scrolls
 e - a scroll of immolation {unknown}
 g - a scroll of noise {unknown}
 h - 3 scrolls of remove curse {unknown}
 j - 2 scrolls of magic mapping {unknown}
 k - 5 scrolls of identify {unknown}
 n - 3 scrolls of teleportation {unknown}
 q - a scroll of recharging {unknown}
 r - 2 scrolls of fear {unknown}
 s - a scroll of fog {unknown}
 v - a scroll of blinking {unknown}
Potions
 f - 3 potions of agility {unknown}
 p - a potion of mutation {unknown}
 t - 3 potions of flight
 w - 2 potions of degeneration {unknown}
 A - a potion of haste {unknown}
Comestibles
 d - 2 bread rations
 i - 2 meat rations
 x - a fruit
 z - a chunk of flesh


   Skills:
 + Level 3.9 Fighting
 * Level 5.7 Axes
 + Level 3.4 Throwing
 + Level 4.1 Dodging


You had 6 spell levels left.
You didn't know any spells.

Dungeon Overview and Level Annotations

Branches:
Dungeon (4/15)
 Temple: D:4-7

Altars:
Pakellas
Zin
The Shining One


Innate Abilities, Weirdness & Mutations

You can breathe bolts of dispelling energy.
Your rich purple scales are hard (AC +6).
Your body does not fit into most forms of armour.
You are cold-blooded and may be slowed by cold attacks.


Message History

y - a cabochon ring Put on which piece of jewellery? (? for menu, Esc to quit)
You're wearing all the rings you can.
Remove which one? (? for menu, Esc to cancel) < or
l - a ring of protection from magic > or
o - a ring of protection from fire You remove your ring of protection from magic.
y - a ring of positive energy (left hand)
You open the door.
There is an open door here.
f - 3 murky cyan potions (gained 1) Key pressed, stopping explore.
You open the door.
Found an oddly glowing altar of Pakellas.
There is an open door here.
B - a wand of disintegration (1/24)
There is an open door here.
Found a stone staircase leading down.
Found 14 stones.
Are you sure you want to abandon this character and quit the game? (Confirm with "yes".)

#......#.# # ..
#......#.# #
..#######......#.###
..>................'
..####.##'##..#.### #(
#..#...#..#.# # #.
#..#...#..#.# #
+#####.###..#####.##.#
#
?.....$@....##_##..#.#
.......####.#####..#.#
....... #.# #. ..###
....... +.. .....
.######+### ... ##
..........# ... #
......)...# .... #
.......<..# #
..........#


There were no monsters in sight!

Vanquished Creatures
  An ice beast (D:4)
  2 ogres (D:4)
  A hound (D:4)
  Crazy Yiuf (D:3)
  2 orc wizards (D:3)
  3 adders
  2 river rats (D:3)
  5 oozes
  6 worms
  A dart slug (D:1)
  6 giant geckos
  4 orcs
  9 bats
  6 giant cockroaches
  7 goblins
  6 hobgoblins
  8 jackals
  6 kobolds
  A quokka (D:3)
  2 ball pythons (Sewer)
  4 giant newts
  10 rats
93 creatures vanquished.

Notes
Turn   | Place    | Note
--------------------------------------------------------------
     0 | D:1      | namelastname112 the Draconian Gladiator began the quest for the Orb.
     0 | D:1      | Reached XP level 1. HP: 17/17 MP: 1/1
   102 | D:1      | Reached XP level 2. HP: 17/24 MP: 2/2
   504 | D:1      | You fall through a shaft!
   543 | D:2      | Found a glowing silver altar of Zin.
   594 | D:1      | Reached XP level 3. HP: 30/30 MP: 3/3
  1124 | D:2      | Reached XP level 4. HP: 14/37 MP: 4/4
  1554 | D:3      | Found a glowing golden altar of the Shining One.
  1745 | D:3      | Reached skill level 4 in Axes
  1926 | D:3      | Found a glowing drain.
  1930 | Sewer    | Entered a sewer
  2377 | Sewer    | Reached XP level 5. HP: 44/44 MP: 5/5
  2741 | D:3      | Noticed Crazy Yiuf
  2751 | D:3      | Killed Crazy Yiuf
  3063 | D:4      | Noticed an ogre
  3356 | D:4      | Killed an ogre
  3356 | D:4      | Reached skill level 5 in Axes
  3356 | D:4      | Reached XP level 6. HP: 51/51 MP: 6/6
  3428 | D:4      | Noticed an ice beast
  3443 | D:4      | Killed an ice beast
  3565 | D:4      | Your scales start taking on a rich purple colour.
  3565 | D:4      | Reached XP level 7. HP: 58/58 MP: 7/7
  3587 | D:4      | Found an oddly glowing altar of Pakellas.
  3603 | D:4      | Quit the game

Vault maps used:
D:1:      dpeg_arrival_leaves_temple_mockup
D:2:      lemuel_round_altar, hangedman_decor_diamond_cutter
D:3:      overflow_temple_1_default, gup_sewer_entry_spiral, first_bread,
          uniq_crazy_yiuf_cottage
D:4:      kennysheep_goblin_castle, johnstein_pakellas_dig
Sewer:    sewer_fruit_machine

Skill      XL: |  1  2  3  4  5  6 |
---------------+-------------------+-----
Throwing       | 2 3 |  3.4
Dodging        | 3 4 |  4.1
Axes           | 4 5 |  5.7
Fighting       | 3 |  3.9

Action                   |  1- 3 |  4- 6 |  7- 9 || total
-------------------------+-------+-------+-------++-------
Melee: War axe           |    98 |   175 |       ||   273
Throw: Throwing net      |       |     3 |       ||     3
  Use: Potion            |       |     1 |       ||     1
 Stab: Sleeping          |     3 |     2 |       ||     5
       Held in net/web   |       |     1 |       ||     1
  Eat: Chunk             |     1 |     8 |       ||     9
